 Dungeon Crawl Stone Soup version 0.30.1-3-gfc49f6343a (webtiles) character file.

Game seed: 10934334091812106539

20297 Peloso the Carver (level 12, -2/111 HPs)
             Began as a Minotaur Fighter on Aug 6, 2023.
             Was a High Priest of Okawaru.
             Slain by a skyshark (16 damage)
             ... on level 3 of the Lair of Beasts.
             The game lasted 00:29:13 (16220 turns).

Peloso the Carver (Minotaur Fighter)               Turns: 16220, Time: 00:29:13

Health: -2/111     AC: 25    Str: 24    XL:     12   Next: 44%
Magic:  10/12      EV: 10    Int:  5    God:    Okawaru [*****.]
Gold:   468        SH:  7    Dex: 12    Spells: 11/11 levels left

rFire   . . .        a - +3 long sword
rCold   . . .        d - +0 buckler
rNeg    . . .        w - +0 plate armour
rPois   .            (helmet restricted)
rElec   .            k - +1 cloak {Will+}
rCorr   .            (no gloves)
SInv    .            v - +2 pair of boots {rampage}
Will    +....        (no amulet) Stlth
                     (no ring)
HPRegen 0.38/turn    (no ring)
MPRegen 0.13/turn

%: rampage
@: heroic
A: horns 2, retaliatory headbutt
a: Renounce Religion, Heroism, Finesse, Duel


You were on level 3 of the Lair of Beasts.
You worshipped Okawaru.
Okawaru was extremely pleased with you.
You visited 3 branches of the dungeon, and saw 15 of its levels.
You also visited: Ossuary.

You collected 1083 gold pieces.
You spent 615 gold pieces at shops.

Inventory:

Hand Weapons
 a - a +3 long sword (weapon)
 b - a +1 vampiric falchion
 c - a +0 dagger of holy wrath
Missiles
 B - a throwing net (quivered)
Armour
 d - a +0 buckler (worn)
 k - a +1 cloak of willpower (worn)
 v - a +2 pair of boots of rampaging (worn)
 w - a +0 plate armour (worn)
Jewellery
 s - a +6 ring of intelligence
 F - the ring "Mimpunn" {MP+9 Dex+3}
   (You found it on level 7 of the Dungeon)

   [ring of magical power]

   Dex:       It affects your dexterity (+3).
   MP:        It affects your magic capacity (+9).
 G - a +6 ring of intelligence
 J - an amulet of guardian spirit
 K - a ring of magical power
 O - an amulet of regeneration
 S - a ring of protection from fire
Wands
 h - a wand of flame (19)
 i - a wand of paralysis (1)
 C - a wand of light (1)
 L - a wand of mindburst (9)
 M - a wand of polymorph (7)
 P - a wand of roots (6)
Scrolls
 g - 2 scrolls of fog
 j - 5 scrolls of teleportation
 o - 4 scrolls of enchant weapon
 p - 3 scrolls of amnesia
 u - 4 scrolls of identify
 x - a scroll of fear
 y - a scroll of brand weapon
 D - 3 scrolls of blinking
 E - 2 scrolls of magic mapping
 H - a scroll of poison
 I - a scroll of butterflies
 R - a scroll of enchant armour
Potions
 e - 2 potions of heal wounds
 f - a potion of haste
 l - 3 potions of cancellation
 m - 3 potions of might
 n - 4 potions of mutation
 q - 3 potions of flight
 r - 3 potions of curing
 t - a potion of brilliance
 z - 4 potions of lignification
 A - a potion of invisibility
 N - a potion of ambrosia {unknown}
 Q - a potion of resistance {unknown}


   Skills:
 + Level 11.6(16.6) Fighting
 + Level 14.9(19.9) Long Blades
 + Level 14.2(19.2) Armour
 + Level 1.9(6.9) Dodging
 + Level 1.8(6.8) Stealth
 + Level 8.9(13.9) Shields
 + Level 2.0 Invocations
 + Level 0.9 Evocations


You had 11 spell levels left.
You didn't know any spells.
Your spell library contained the following spells:

 Spells                   Type           Power      Damage    Failure   Level
 Beastly Appendage        Tmut           0%         N/A       98%         1
 Sandblast                Erth           0%         2d4       98%         1
 Blink                    Tloc           0%         N/A       99%         2
 Lesser Beckoning         Tloc           0%         N/A       99%         2
 Momentum Strike          Conj/Tloc      0%         3d8       99%         2
 Passwall                 Tmut/Erth      0%         N/A       99%         2
 Wereblood                Tmut           0%         N/A       99%         2
 Spider Form              Tmut/Pois      0%         N/A       100%        3
 Stone Arrow              Conj/Erth      0%         3d7       100%        3
 Lehudib's Crystal Spear  Conj/Erth      0%         10d2      100%        8
 Animate Armour           Summ/Erth      Unusable   N/A       N/A         4

Dungeon Overview and Level Annotations

Branches:
Dungeon (11/15)            Temple (1/1) D:6            Lair (3/5) D:9
 Shoals (0/4) Lair:2       Spider (0/4) Lair:3      Ossuary (visited)
    Orc: D:9-12

Altars:
Ashenzari
Cheibriados
Dithmenos
Elyvilon
Fedhas
Gozag
Hepliaklqana
Kikubaaqudgha
Makhleb
Nemelex Xobeh
Okawaru
Qazlal
Ru
Sif Muna
Trog
Uskayaw
Vehumet
Wu Jian
Xom
Yredelemnul
Zin
The Shining One

Shops:
D:4 *   D:6 :   D:8 [!*


Innate Abilities, Weirdness & Mutations

You have a pair of horns on your head.
You reflexively headbutt those who attack you in melee.


Message History

The skyshark is heavily wounded.
The skyshark bites you but does no damage.
The skyshark barely misses you. You block the skyshark's attack.
You hit the skyshark. You headbutt the skyshark!
The skyshark is severely wounded.
The skyshark bites you.
The skyshark tail-slaps you but does no damage.
The skyshark tail-slaps you.
You hit the skyshark but do no damage. Your headbutt misses the skyshark.
The skyshark is heavily wounded.
You block the skyshark's attack. The skyshark tail-slaps you!
You block the skyshark's attack.
You closely miss the skyshark.
The skyshark is heavily wounded.
The skyshark bites you. The skyshark barely misses you. x2
You completely miss the skyshark. You headbutt the skyshark!
The skyshark is severely wounded.
You block the skyshark's attack.
The skyshark tail-slaps you but does no damage. x2
You feel more confident with your borrowed prowess.
The skyshark bites you!!
* * * LOW HITPOINT WARNING * * *
The skyshark tail-slaps you but does no damage. x2
You slash the skyshark!
The skyshark is severely wounded.
The skyshark bites you but does no damage.
The skyshark closely misses you. The skyshark tail-slaps you!
* * * LOW HITPOINT WARNING * * *
The skyshark bites you.
* * * LOW HITPOINT WARNING * * *
The skyshark tail-slaps you but does no damage. x2
You can't see any enemies this would affect, really read the scroll of fear?
Okay, then.
Blink to where?
Press: ? - help, Dir - move target
Found a stone staircase leading up.
As you read the scroll of blinking, it crumbles to dust.
There is a stone staircase leading up here.
The skyshark bites you!
You die...

.##~. ..... . ..~ #...
...~ # ### ####..## # ##
#.~.
..#..##.#....##.#######.
. .~
...........P......ยง.....
.
..................PP....
.
......#.#......P.#P.##.P
.
........................
.
.......@l...............
.
#.###.##.#.#P####....P.#
# ##.#### ######## ###


You could see a skyshark (berserk).

Vanquished Creatures
  2 two-headed ogres
  3 death yaks (D:8)
  Amaemon (D:9)
  3 harpies (Lair:2)
  A cyclops (D:10)
  Maggie (D:7)
  An orange demon (D:9)
  A gargoyle (D:7)
  5 cane toads
  A rime drake (Lair:2)
  Psyche (D:10)
  4 komodo dragons
  2 trolls
  4 hornets
  5 blink frogs (Lair:3)
  3 wyverns
  A wraith (D:7)
  A steam dragon (D:6)
  A basilisk (Lair:2)
  17 yaks
  2 vampire mosquitoes (D:7)
  Menkaure (D:5)
  Edmund (D:6)
  3 water moccasins
  4 acid dragons
  6 orc warriors
  Duvessa (D:7)
  2 ice beasts
  3 black bears
  An ogre (D:4)
  4 centaurs
  2 phantoms
  5 kobold brigands
  4 scorpions
  7 bullfrogs
  Dowan (D:7)
  3 wights
  10 killer bees (D:9)
  2 howler monkeys
  A gnoll bouda (D:10)
  A jelly (Temple)
  Crazy Yiuf (D:7)
  4 orc priests
  3 hounds
  3 sleepcaps
  3 iguanas
  Ijyb (D:4)
  11 orc wizards
  8 mummies (Ossuary)
  Robin (D:2)
  4 gnolls (D:10)
  3 adders
  2 white imps
  An ufetubus (D:5)
  3 worms
  A dart slug (D:3)
  24 orcs
  7 ball pythons
  7 bats
  3 giant cockroaches (D:3)
  2 gnoll zombies (Ossuary)
  8 hobgoblins
  3 jackals (D:1)
  7 quokkas
  3 frilled lizards
  12 goblins
  20 kobolds
  3 kobold zombies (Ossuary)
  3 orc zombies (Ossuary)
  9 rats
282 creatures vanquished.

Vanquished Creatures (others)
  An unseen horror (D:7)
  A kobold (D:6)
2 creatures vanquished.

Grand Total: 284 creatures vanquished

Notes
Turn   | Place    | Note
-------+----------+-------------------------------------------
     0 | D:1      | Peloso the Minotaur Fighter began the quest for the Orb.
     0 | D:1      | Reached XP level 1. HP: 19/19 MP: 0/0
   500 | D:1      | Reached XP level 2. HP: 20/27 MP: 1/1
   801 | D:1      | Found a faded altar of an unknown god.
   911 | D:2      | Found a hazy altar of Hepliaklqana.
   911 | D:2      | Noticed Robin
   934 | D:2      | Reached XP level 3. HP: 22/33 MP: 2/2
   941 | D:2      | Killed Robin
  1770 | D:3      | Reached XP level 4. HP: 35/40 MP: 3/3
  2936 | D:4      | Noticed Ijyb
  2956 | D:4      | Killed Ijyb
  2990 | D:4      | Reached XP level 5. HP: 28/46 MP: 4/4
  3047 | D:4      | Found a sand-covered staircase.
  3052 | Ossuary  | Entered an ossuary
  3338 | Ossuary  | Reached skill level 5 in Long Blades
  3381 | Ossuary  | Reached skill level 5 in Armour
  3395 | Ossuary  | Reached XP level 6. HP: 37/53 MP: 5/5
  3800 | D:4      | Reached skill level 1 in Dodging
  4060 | D:4      | Reached skill level 5 in Fighting
  4295 | D:4      | Reached XP level 7. HP: 61/61 MP: 6/6
  4322 | D:4      | HP: 3/62 [poisoned by an orc wizard]
  4588 | D:4      | Found Venaebaol's CLEARANCE SALE!.
  4592 | D:4      | Bought a potion of mutation for 32 gold pieces
  4592 | D:4      | Bought a scroll of fear for 16 gold pieces
  4592 | D:4      | Bought a potion of cancellation for 32 gold pieces
  4786 | D:5      | Entered Level 5 of the Dungeon
  4788 | D:5      | Noticed Menkaure
  5281 | D:5      | Reached XP level 8. HP: 48/70 MP: 7/7
  5365 | D:5      | Found a shimmering blue altar of Sif Muna.
  5376 | D:5      | Found a glowing silver altar of Zin.
  5376 | D:5      | Found a radiant altar of Vehumet.
  5377 | D:5      | Found a white marble altar of Elyvilon.
  5731 | D:5      | Killed Menkaure
  5885 | D:6      | Found a staircase to the Ecumenical Temple.
  5902 | Temple   | Entered the Ecumenical Temple
  5939 | Temple   | Became a worshipper of Warmaster Okawaru
  6012 | D:6      | Reached skill level 5 in Shields
  6111 | D:6      | Found Kushrijudi's Vocational Training.
  6353 | D:6      | Noticed Edmund
  6376 | D:6      | Killed Edmund
  6453 | D:6      | Found a sparkling altar of Nemelex Xobeh.
  6590 | D:6      | Reached XP level 9. HP: 47/78 MP: 8/8
  6615 | D:6      | Reached * piety under Okawaru
  7154 | D:7      | Noticed a gargoyle
  7160 | D:7      | Killed an unseen horror
  7170 | D:7      | Reached skill level 10 in Long Blades
  7194 | D:7      | Killed a gargoyle
  7194 | D:7      | Reached ** piety under Okawaru
  7340 | D:7      | Identified the ring "Mimpunn" {MP+9 Dex+3}
  7342 | D:7      | Identified the +0 ring mail of the Arena {Int+2}
  7555 | D:8      | Noticed a two-headed ogre
  7582 | D:8      | Killed a two-headed ogre
  7582 | D:8      | Reached *** piety under Okawaru
  7583 | D:8      | Reached skill level 10 in Armour
  7583 | D:8      | Reached XP level 10. HP: 11/90 MP: 9/9
  7823 | D:8      | Found Vetiammi's Assorted Antiques.
  7840 | D:8      | Bought a scroll labelled XUGY AWOSEIFU for 22 gold pieces
  7840 | D:8      | Bought a pair of smoking gloves for 209 gold pieces
  7840 | D:8      | Identified the +0 pair of gloves "Yciequle" {Contam Dex+6}
                  | (You bought it in a shop on level 8 of the Dungeon)
  7856 | D:8      | Found Siown's Distillery.
  7858 | D:8      | Found Ymeun's Antique Armour Emporium.
  7872 | D:8      | Bought an embroidered scarf for 224 gold pieces
  7955 | D:8      | Found an ornate altar of the Wu Jian Council.
  8006 | D:8      | Found a shadowy altar of Dithmenos.
  8204 | D:8      | Reached skill level 1 in Stealth
  8209 | D:8      | Reached **** piety under Okawaru
  8354 | D:8      | Found a basalt altar of Yredelemnul.
  8604 | D:9      | Paralysed by a hornet for 3 turns
  8942 | D:9      | Paralysed by a hornet for 3 turns
  9089 | D:9      | Noticed a death yak
  9124 | D:9      | Noticed a death yak
  9130 | D:9      | Noticed a death yak
  9151 | D:9      | HP: 2/91 [death yak (16)]
  9651 | D:8      | Bought a potion of heal wounds for 80 gold pieces
  9972 | D:7      | Noticed Dowan
  9998 | D:7      | Noticed Duvessa
  9999 | D:7      | Killed Dowan
 10010 | D:7      | Killed Duvessa
 10133 | D:7      | Reached XP level 11. HP: 99/99 MP: 10/10
 10184 | D:7      | Found a stormy altar of Qazlal.
 10232 | D:7      | Noticed Maggie
 10251 | D:7      | Killed Maggie
 10288 | D:7      | Found a runed translucent door.
 10289 | D:7      | Noticed Crazy Yiuf
 10427 | D:7      | Killed Crazy Yiuf
 10529 | D:8      | Killed a death yak
 10704 | D:8      | Killed a death yak
 10705 | D:8      | Reached skill level 10 in Fighting
 10829 | D:8      | Killed a death yak
 11153 | D:9      | Found a staircase to the Lair.
 11164 | D:9      | Noticed Amaemon
 11174 | D:9      | Killed Amaemon
 11175 | D:9      | Reached skill level 1 in Invocations
 11856 | D:10     | Entered Level 10 of the Dungeon
 11856 | D:10     | Found a broken altar of Ashenzari.
 11857 | D:10     | Found a glowing golden altar of the Shining One.
 12040 | D:10     | Noticed Psyche
 12051 | D:10     | Killed Psyche
 12203 | D:10     | Paralysed by a hornet for 2 turns
 12422 | D:10     | Noticed a two-headed ogre
 12433 | D:10     | Killed a two-headed ogre
 12535 | D:10     | Found a snail-covered altar of Cheibriados.
 13009 | D:10     | Paralysed by a hornet for 1 turns
 13053 | D:11     | Noticed a boulder beetle
 13083 | D:11     | Noticed a red ugly thing
 13129 | Lair:1   | Entered Level 1 of the Lair of Beasts
 14006 | Lair:2   | Reached XP level 12. HP: 71/110 MP: 12/12
 14012 | Lair:2   | Reached ***** piety under Okawaru
 14184 | Lair:2   | Identified the +2 robe of Dibipav {+Inv Will+++ rCorr
                  | Int-3}
 14525 | Lair:2   | Found a staircase to the Shoals.
 15813 | Lair:3   | Noticed a five-headed hydra
 16171 | Lair:3   | Found a hole to the Spider Nest.
 16220 | Lair:3   | Slain by a skyshark

Illustrated notes

Levels and vault maps discovered:
D:1:      dpeg_arrival_lava_altar, layout_basic, shapermc_ecumenical_altar_petra
D:2:      layout_loops_cross, basic_altar, uniq_robin
D:3:      layout_basic, moated_statue, minmay_puff
D:4:      layout_loops_ring, enter_ossuary_2, nicolae_shop_clearance, uniq_ijyb
D:5:      layout_rooms, mainiacjoe_overflow_cross_hatched,
          gammafunk_temple_overflow_claw, kennysheep_generic_room_6,
          uniq_menkaure
D:6:      layout_rooms, nemelex_diamond_rough_becter, minmay_temple_entry_grid,
          hangedman_decor_diamond_cutter, kennysheep_diamond,
          nicolae_shop_vocational, uniq_edmund
D:7:      minmay_the_grid_square_5x5_3x3
          [minmay_the_grid_square_5x5_beaten_path,
          minmay_the_grid_square_5x5_longway,
          minmay_the_grid_square_5x5_eight_small,
          minmay_the_grid_square_5x5_tetrominoes,
          minmay_the_grid_square_5x5_megaprize_open,
          minmay_the_grid_square_5x5_fancy_junction,
          minmay_the_grid_square_5x5_comb, minmay_the_grid_square_5x5_c,
          minmay_the_grid_square_5x5_misaligned], layout_rooms,
          mainiacjoe_overflow_paths, serial_glass, glass_columns_a,
          glass_columns_b, uniq_duvessa, uniq_crazy_yiuf_cottage, uniq_maggie
D:8:      layout_rooms, mainiacjoe_overflow_alcove_2, nzn_wu_jian_council_hall,
          mainiacjoe_overflow_alcove_1, serial_shops, shop_statue, shop, shop
D:9:      layout_long_grid, dpeg_lair_monsters, grunt_ministairs_3, uniq_amaemon
D:10:     layout_loops_corners, chequers_temple_overflow_statue_of_worship,
          lemuel_tele_altar, uniq_psyche
D:11:     layout_cave_pools
Temple:   chequers_temple_sunken
Lair:1:   layout_cave_pods, nicolae_quartered_pool_impasse, lemuel_fruit_fields
Lair:2:   layout_small_grid, nicolae_shoals_entry_roost,
          infiniplex_staircase_pool_2
Lair:3:   layout_long_grid, nicolae_spider_entry_orb_guardian,
          nzn_masters_of_martial_movement

Skill      XL: |  1  2  3  4  5  6  7  8  9 10 11 12 |
---------------+-------------------------------------+-----
Armour         | 4 5 7 8 10 11 13 14 | 14.2
Shields        | 4 5 6 7 8 |  8.9
Fighting       | 4 5 6 8 9 11 | 11.6
Long Blades    | 3 4 5 7 9 11 12 14 | 14.9
Dodging        | 1 |  1.9
Stealth        | 1 |  1.8
Invocations    | 1 2 |  2.0
Evocations     | |  0.9

Action                     |  1- 3 |  4- 6 |  7- 9 | 10-12 || total
---------------------------+-------+-------+-------+-------++-------
  Melee: Long sword        |    86 |   150 |   296 |   561 ||  1093
         Headbutt          |    10 |    25 |    60 |   186 ||   281
         Falchion          |       |       |       |   206 ||   206
 Invoke: Heroism           |       |       |     1 |    16 ||    17
  Evoke: Wand              |       |       |     3 |     7 ||    10
    Use: Scroll            |     7 |     4 |     2 |    11 ||    24
         Potion            |     4 |       |     7 |     3 ||    14
   Stab: Invisible         |       |       |     1 |     1 ||     2
 Armour: Scale mail        |    38 |    20 |       |       ||    58
         Chain mail        |       |    44 |     6 |       ||    50
         Plate armour      |       |       |   165 |   400 ||   565
  Dodge: Dodged            |    41 |    42 |    79 |   202 ||   364
  Block: Buckler           |    23 |    21 |    86 |   181 ||   311
